 Dungeon Crawl Stone Soup version 0.30-a0-965-g42e074c17a (webtiles) character file.

Game seed: 1498006176012937295

1780 cforsyth the Basher (level 9, -4/74 HPs)
             Began as a Formicid Fighter on Mar 31, 2023.
             Was a Follower of Ru.
             Slain by a thrashing horror (10 damage)
             ... on level 1 of the Abyss.
             The game lasted 00:12:27 (7181 turns).

cforsyth the Basher (Formicid Fighter)              Turns: 7181, Time: 00:12:28

Health: -4/74      AC: 21    Str: 25    XL:     9   Next: 29%
Magic:  9/9        EV:  5    Int:  8    God:    Ru [*.....]
Gold:   341        SH: 11    Dex: 15    Spells: 8/8 levels left

rFire   . . .      SeeInvis +    a - +1 flail
rCold   . . .      Faith    .    g - +2 kite shield
rNeg    . . .      Spirit   .    p - +9 plate armour "Kioru" {Dex+2}
rPois   .          Reflect  .    (helmet unavailable)
rElec   .          Rampage  .    (no cloak)
rCorr   .                        k - +0 pair of gloves
Will    .....                    (no boots) Stlth
                                 (no amulet)
HPRegen 0.32/turn                t - ring of flight
MPRegen 0.11/turn                (no ring)

@: mighty, flying
A: permanent stasis, dig shafts and tunnels, antennae 3, no conjurations magic,
no earth magic, no transmutations magic, four strong arms
a: Dig, Shaft Self, Renounce Religion


You were on level 1 of the Abyss.
You worshipped Ru.
Ru was aware of your devotion.
You visited 1 branch of the dungeon, and saw 6 of its levels.
You visited the Abyss 1 time.
You also visited: Sewer and Ossuary.

You collected 341 gold pieces.

Inventory:

Hand Weapons
 a - a +1 flail (weapon)
Armour
 b - a +0 scale mail
 c - a +0 buckler
 g - a +2 kite shield (worn)
 k - a +0 pair of gloves (worn)
 p - the +9 plate armour "Kioru" (worn) {Dex+2}
   (You acquired it on level 6 of the Dungeon)

   Dex:       It affects your dexterity (+2).
Jewellery
 t - a ring of flight (left hand)
Wands
 j - a wand of flame (15)
 x - a wand of iceblast (9)
Scrolls
 h - 4 scrolls of fear
 q - 2 scrolls of fog
 r - a scroll of magic mapping
 u - a scroll of butterflies {unknown}
 v - a scroll of amnesia
 y - a scroll of enchant armour {unknown}
 z - a scroll of identify
Potions
 e - 2 potions of curing
 f - a potion of ambrosia {unknown}
 i - 3 potions of magic
 l - 4 potions of lignification
 m - 3 potions of mutation
 n - 5 potions of heal wounds
 o - a potion of haste {unknown}
 s - 4 potions of brilliance
 w - a potion of flight {unknown}


   Skills:
 + Level 7.9 Fighting
 * Level 9.6 Maces & Flails
 - Level 3.2 Armour
 - Level 4.0 Shields


You had 8 spell levels left.
You didn't know any spells.
Your spell library contained the following spells:

 Spells                   Type           Power      Damage    Failure   Level
 Freeze                   Ice            0%         1d3       100%        1
 Ensorcelled Hibernation  Hex/Ice        0%         N/A       100%        2
 Lesser Beckoning         Tloc           0%         N/A       100%        2
 Sublimation of Blood     Necr           0%         N/A       100%        2
 Frozen Ramparts          Ice            0%         1d1       100%        3
 Gell's Gravitas          Tloc           0%         N/A       100%        3
 Teleport Other           Tloc           0%         N/A       100%        3
 Airstrike                Air            0%         2d(0-16)  100%        4
 Manifold Assault         Tloc           0%         N/A       100%        4
 Summon Lightning Spire   Summ/Air       0%         N/A       100%        4
 Plasma Beam              Fire/Air       0%         2x1d7     100%        5
 Summon Hydra             Summ           0%         N/A       100%        7
 Blink                    Tloc           Unusable   N/A       N/A         2
 Passwall                 Tmut/Erth      Unusable   N/A       N/A         2
 Wereblood                Tmut           Unusable   N/A       N/A         2
 Hailstorm                Conj/Ice       Unusable   3d3       N/A         3
 Swiftness                Air            Unusable   N/A       N/A         3
 Leda's Liquefaction      Hex/Erth       Unusable   N/A       N/A         4
 Lee's Rapid Deconstruct  Erth           Unusable   3d4*      N/A         5
 Statue Form              Tmut/Erth      Unusable   N/A       N/A         6
 Storm Form               Tmut/Air       Unusable   N/A       N/A         7

Dungeon Overview and Level Annotations

Branches:
Dungeon (6/15)             Temple (0/1) D:6           Sewer (visited)
Ossuary (visited)

Altars:
Ru
Uskayaw
Xom
Yredelemnul
Lugonu

Portals:
Abyss: D:6


Innate Abilities, Weirdness & Mutations

You cannot be hasted, slowed, berserked, paralysed or teleported.
You can dig through walls and to a lower floor.
You have a pair of large antennae on your head. (SInv)
You cannot study or cast Conjurations magic.
You cannot study or cast Earth magic.
You cannot study or cast Transmutations magic.
Your four strong arms can wield two-handed weapons with a shield.


Message History

The thrashing horror is moderately damaged.
The thrashing horror barely misses you.
You block the thrashing horror's attack.
You completely miss the thrashing horror.
The thrashing horror is moderately damaged.
You block the thrashing horror's attack.
The thrashing horror tramples you but does no damage. x2
The thrashing horror tramples you.
You are shoved backwards!
You closely miss the thrashing horror.
The thrashing horror is moderately damaged.
The thrashing horror tramples you!
* * * LOW HITPOINT WARNING * * *
You hold your ground!
The thrashing horror tramples you.
* * * LOW HITPOINT WARNING * * *
You hold your ground!
You block the thrashing horror's attack.
The thrashing horror tramples you but does no damage.
You block the thrashing horror's attack.
The thrashing horror tramples you.
* * * LOW HITPOINT WARNING * * *
You hold your ground!
You sock the thrashing horror!
The thrashing horror is heavily damaged.
The thrashing horror tramples you but does no damage.
You block the thrashing horror's attack.
You hit the thrashing horror.
The thrashing horror is severely damaged.
You block the thrashing horror's attack.
The thrashing horror tramples you but does no damage.
You block the thrashing horror's attack.
The thrashing horror tramples you but does no damage.
The thrashing horror tramples you.
* * * LOW HITPOINT WARNING * * *
You are shoved backwards!
You thump the thrashing horror!
The thrashing horror is almost destroyed.
The thrashing horror churns violently!
The thrashing horror seems to grow stronger.
The thrashing horror tramples you!
You die...

...# ....
.....
....#
..#...#
...'...##
.......X#
#@# #.##
##.#
#.#.# ...
#.. . ...
#.#
#.....
..# ..#
... ... .
.#..# ...


You could see a thrashing horror (strong).

Vanquished Creatures
  A steam dragon (D:6)
  An orc warrior (D:6)
  A black bear (D:5)
  2 centaurs
  7 kobold brigands (Sewer)
  A scorpion (D:6)
  A bullfrog (D:5)
  2 jellies
  2 orc priests
  2 hounds
  A gnoll bouda (D:5)
  3 orc wizards
  An iguana (D:4)
  2 mummies
  Robin (D:2)
  7 gnolls
  7 adders
  An ufetubus (D:5)
  6 worms
  2 dart slugs
  16 orcs
  3 spectral bats (Ossuary)
  8 ball pythons
  18 endoplasms
  5 giant cockroaches
  12 goblins
  11 hobgoblins
  3 quokkas
  6 bats
  3 bat simulacra (Ossuary)
  5 frilled lizards
  12 gnoll zombies (Ossuary)
  2 goblin simulacra (Ossuary)
  5 goblin zombies
  4 hobgoblin zombies (Ossuary)
  9 kobolds
  3 kobold simulacra (Ossuary)
  7 kobold zombies (Ossuary)
  4 orc zombies
  13 rats
  3 rat simulacra (Ossuary)
  3 spectral goblins (Ossuary)
  4 spectral kobolds (Ossuary)
  2 spectral rats (Ossuary)
212 creatures vanquished.

Vanquished Creatures (others)
  A kobold brigand (D:6)
1 creature vanquished.

Grand Total: 213 creatures vanquished

Notes
Turn   | Place    | Note
-------+----------+-------------------------------------------
     0 | D:1      | cforsyth the Formicid Fighter began the quest for the Orb.
     0 | D:1      | Reached XP level 1. HP: 18/18 MP: 1/1
   232 | D:1      | Reached XP level 2. HP: 23/24 MP: 2/2
   727 | D:1      | Reached XP level 3. HP: 26/29 MP: 3/3
   873 | D:2      | Reached skill level 3 in Maces & Flails
   946 | D:2      | Noticed Robin
  1185 | D:1      | Reached XP level 4. HP: 9/37 MP: 4/4
  1579 | D:2      | Killed Robin
  2126 | D:3      | Reached skill level 4 in Maces & Flails
  2169 | D:3      | Reached XP level 5. HP: 39/43 MP: 5/5
  2832 | D:4      | Found a sand-covered staircase.
  2835 | D:4      | Reached XP level 6. HP: 49/49 MP: 6/6
  2838 | Ossuary  | Entered an ossuary
  2961 | Ossuary  | Reached skill level 5 in Maces & Flails
  3412 | D:4      | Reached skill level 5 in Fighting
  3484 | D:4      | Identified the +8 dagger "Hacemi" {flame, +Blink rElec
                  | Stlth+}
  3494 | D:4      | Found a sacrificial altar of Ru.
  3515 | D:4      | Became a worshipper of Ru the Awakened
  3545 | D:4      | Found a hide-covered altar of Uskayaw.
  3595 | D:4      | Reached XP level 7. HP: 37/56 MP: 7/7
  3865 | D:4      | Reached skill level 6 in Maces & Flails
  4140 | D:5      | Entered Level 5 of the Dungeon
  4401 | D:5      | Identified the +6 trident "Nurim" {distort, rC+ Int+2}
  4454 | D:5      | Reached skill level 7 in Maces & Flails
  4454 | D:5      | Reached XP level 8. HP: 44/64 MP: 8/8
  4685 | D:5      | Gained mutation: You cannot study or cast Earth magic. [Ru
                  | sacrifice]
  4685 | D:5      | Gained mutation: You cannot study or cast Transmutations
                  | magic. [Ru sacrifice]
  4685 | D:5      | Gained mutation: You cannot study or cast Conjurations
                  | magic. [Ru sacrifice]
  4685 | D:5      | Reached * piety under Ru
  5435 | D:6      | Identified a scroll of acquirement
  5435 | D:6      | Acquired the +9 plate armour "Kioru" {Dex+2}
  5458 | D:6      | Found a shimmering altar of Xom.
  5551 | D:6      | Found a staircase to the Ecumenical Temple.
  5617 | D:6      | Found a one-way gate to the infinite horrors of the Abyss.
  5745 | D:6      | Reached skill level 8 in Maces & Flails
  5784 | D:6      | Found a glowing drain.
  5818 | Sewer    | Entered a sewer
  6256 | Sewer    | Reached XP level 9. HP: 51/72 MP: 9/9
  6521 | Sewer    | Reached skill level 9 in Maces & Flails
  6639 | D:6      | Found a basalt altar of Yredelemnul.
  7009 | D:6      | Found a large runed translucent door.
  7009 | D:6      | Found a large runed translucent door.
  7009 | D:6      | Found a corrupted altar of Lugonu.
  7125 | Abyss:1  | Cast into level 1 of the Abyss (kobold)
  7167 | Abyss:1  | Noticed a thrashing horror
  7181 | Abyss:1  | Slain by a thrashing horror

Illustrated notes

Levels and vault maps discovered:
D:1:      minmay_arrival_stair_chambers, layout_basic
D:2:      layout_rooms, uniq_robin
D:3:      layout_basic
D:4:      layout_loops_cross, nicolae_ru_great_annihilating_truth,
          nicolae_ossuary_entry_giza, minmay_ruined_shrine
D:5:      layout_layer_cave, nicolae_concentric_dashed_squares_wild,
          st_stairs_8, patterned_corridor
D:6:      due_chaos_kobolds, layout_gridville,
          mainiacjoe_overflow_catwalk_spiral, minmay_temple_entry_mini_moons,
          cheibrodos_sewer_entry_bend, nrook_uturn,
          amcnicky_mini_rare_corridor_liquid
Abyss:1:  base: D:3, spicy_abyss_planar_alliance

Skill      XL: |  1  2  3  4  5  6  7  8  9 |
---------------+----------------------------+-----
Maces & Flails | 3 4 5 7 8 9 |  9.6
Fighting       | 4 5 6 7 |  7.9
Armour         | |  3.2
Shields        | |  4.0

Action                     |  1- 3 |  4- 6 |  7- 9 || total
---------------------------+-------+-------+-------++-------
  Melee: Flail             |    87 |   316 |   266 ||   669
 Invoke: Sacrifice Arcana  |       |       |     1 ||     1
    Use: Scroll            |       |    10 |     8 ||    18
         Potion            |       |       |     3 ||     3
   Stab: Paralysed         |       |     1 |       ||     1
 Armour: Scale mail        |    39 |   138 |    45 ||   222
         Plate armour      |       |       |   111 ||   111
  Dodge: Dodged            |    52 |   129 |    81 ||   262
  Block: Buckler           |    21 |    62 |    33 ||   116
         Kite shield       |       |       |    75 ||    75

Table legend: (Time is in decaauts)
 A = Elapsed time spent in this place.
 B = Non-inter-level travel time spent in this place.
 C = Inter-level travel time spent in this place.
 D = Time resting spent in this place.
 E = Time spent auto-exploring this place.
 F = Levels seen in this place.
 G = Mean time per level.
                   A        B        C        D        E       F      G
               +--------+--------+--------+--------+--------+-----+--------+
         Total |   7289 |   7162 |    127 |    870 |   4442 |   9 |  809.9 |
       Dungeon |   5957 |   5830 |    127 |    605 |   3897 |   6 |  992.8 |
         Abyss |     55 |     55 |      0 |     41 |      0 |   1 |   55.0 |
         Sewer |    798 |    798 |      0 |    155 |    402 |   1 |  798.0 |
       Ossuary |    477 |    477 |      0 |     69 |    143 |   1 |  477.0 |
               +--------+--------+--------+--------+--------+-----+--------+

Top non-repeatable levels by time:
     D:1: 1472 daAuts
     D:5: 1295 daAuts
     D:4: 1014 daAuts
     D:6: 911 daAuts
   Sewer: 798 daAuts
     D:3: 675 daAuts
     D:2: 588 daAuts
 Ossuary: 477 daAuts
 Abyss:1: 55 daAuts
